 Dungeon Crawl Stone Soup version 0.30.1 (webtiles) character file.

Game seed: 15874550112772817659

16 boopmooplesden the Trooper (level 2, -3/36 HPs)
             Began as a Demonspawn Berserker on July 8, 2023.
             Was a Follower of Trog.
             Slain by a quokka (4 damage)
             ... on level 1 of the Dungeon.
             The game lasted 00:00:45 (270 turns).

boopmooplesden the Trooper (Demonspawn Berserker)    Turns: 270, Time: 00:00:45

Health: -3/36      AC:  6    Str: 17    XL:     2   Next: 37%
Magic:  2/2        EV:  8    Int:  8    God:    Trog [*.....]
Gold:   31         SH:  6    Dex: 12    Spells: 1/1 levels left

rFire   . . .        a - +0 spear
rCold   . . .        c - +0 kite shield
rNeg    . . .        f - +0 scale mail
rPois   .            (no helmet)
rElec   .            (no cloak)
rCorr   .            (no gloves)
SInv    .            (no boots)
Will    .....        (no amulet) Stlth
                     (no ring)
HPRegen 0.26/turn    (no ring)
MPRegen 0.08/turn

%: no passive effects
@: berserking, very quick
A: weakness stinger 1
a: Renounce Religion, Berserk


You were on level 1 of the Dungeon.
You worshipped Trog.
Trog was aware of your devotion.
You visited 1 branch of the dungeon, and saw 1 of its levels.

You collected 31 gold pieces.

Inventory:

Hand Weapons
 a - a +0 spear (weapon)
Armour
 b - a +0 animal skin
 c - a +0 kite shield (worn)
 f - a +0 scale mail (worn)
Scrolls
 d - a scroll of identify {unknown}
 h - a scroll of teleportation {unknown}
 i - a scroll of butterflies {unknown}
Potions
 e - a potion of flight {unknown}
 g - 2 potions of attraction {unknown}


   Skills:
 + Level 3.3 Fighting
 + Level 2.9 Polearms
 + Level 1.9 Armour
 + Level 1.9 Dodging


You had one spell level left.
You didn't know any spells.
Your spell library was empty.

Dungeon Overview and Level Annotations

Branches:
Dungeon (1/15)

Altars:


Innate Abilities, Weirdness & Mutations

You have a small tail.


Message History

The kobold is severely wounded.
You block the gnoll's attack. The kobold hits you but does no damage.
You hit the kobold.
You kill the kobold!
Trog accepts your kill. You block the quokka's attack.
The gnoll hits you but does no damage. The quokka completely misses you.
The quokka attacks as you move away! The quokka bites you.
The gnoll hits you with a +0 club.
Things that are here:
a +0 short sword; 4 stones; a kobold corpse You hit the gnoll.
The gnoll is lightly wounded.
You block the gnoll's attack.
The quokka bites you but does no damage.
You hit the gnoll.
The gnoll is moderately wounded.
The quokka barely misses you. The gnoll hits you with a +0 club.
You hit the gnoll.
The gnoll is heavily wounded.
The quokka bites you. The gnoll hits you with a +0 club. The quokka bites you.
* * * LOW HITPOINT WARNING * * *
You closely miss the gnoll.
The gnoll is heavily wounded.
The gnoll hits you with a +0 club.
* * * LOW HITPOINT WARNING * * *
You block the quokka's attack. The gnoll closely misses you.
You hit the gnoll.
The gnoll is severely wounded.
You block the quokka's attack.
The quokka bites you but does no damage.
The gnoll hits you but does no damage.
A red film seems to cover your vision as you go berserk!
You feel yourself moving faster!
You feel mighty! The quokka closely misses you.
The gnoll hits you with a +0 club.
* * * LOW HITPOINT WARNING * * *
You closely miss the gnoll.
The gnoll is severely wounded.
The quokka bites you.
You die...

#......†...######...##
#.##.......# ##.###
#.##.......# ##..#
#.#........# ##..##
#...........##..## #
#...........##.######.#
#.....................#
#..............r...>..#
#...........##.g@.....#
#..........# #........#
..#........ ##.......#
##........ #.......#
......... #......##
......... .......#
......... .......#
......... .......##
)##......


You could see a gnoll and a quokka.

Vanquished Creatures
  3 bats (D:1)
  2 giant cockroaches (D:1)
  A hobgoblin (D:1)
  4 kobolds (D:1)
  A quokka (D:1)
  A ball python (D:1)
  3 frilled lizards (D:1)
  A rat (D:1)
16 creatures vanquished.

Notes
Turn   | Place    | Note
-------+----------+-------------------------------------------
     0 | D:1      | boopmooplesden the Demonspawn Berserker began the quest for
                  | the Orb.
     0 | D:1      | Reached XP level 1. HP: 18/18 MP: 1/1
   112 | D:1      | Discovered your monstrous ancestry.
   112 | D:1      | Gained mutation: You have a small tail. [demonic ancestry]
   112 | D:1      | Reached XP level 2. HP: 24/24 MP: 2/2
   269 | D:1      | HP: 1/36 [gnoll/+0 club (4)]
   270 | D:1      | Slain by a quokka

Illustrated notes

Levels and vault maps discovered:
D:1:      co_arrival_square_in_a_square_in_a_square, layout_rooms, serial_shops,
          nicolae_shop_rolling_square

Action                     || total
---------------------------++-------
  Melee: Spear             ||    53
         Tailslap          ||     3
 Invoke: Berserk           ||     2
 Armour: Animal skin       ||    10
         Scale mail        ||    21
  Dodge: Dodged            ||    28
  Block: Kite shield       ||    34
